 Dungeon Crawl Stone Soup version 0.21.1-1-g345015fe64 (webtiles) character file.

1427 Hercules1031 the Skirmisher (level 8, -4/71 HPs)
             Began as a Demigod Fighter on June 22, 2018.
             Slain by a gnoll sergeant
             ... wielding a +0 trident
              (8 damage)
             ... on level 6 of the Dungeon.
             The game lasted 00:16:13 (4608 turns).

Hercules1031 the Skirmisher (Demigod Fighter)       Turns: 4608, Time: 00:16:14

Health: -4/71      AC: 12    Str: 28    XL:     8   Next: 21%
Magic:  10/10      EV: 10    Int: 12    God:
Gold:   216        SH:  0    Dex: 17    Spells: 7/7 levels left

rFire    . . .     SeeInvis .   l - +4 quarterstaff (chaos)
rCold    . . .     Gourm    .   (shield currently unavailable)
rNeg     . . .     Faith    .   g - +0 chain mail
rPois    .         Spirit   .   (no helmet)
rElec    .         Reflect  .   m - +1 cloak {MR+}
rCorr    +         Harm     .   i - +0 pair of gloves
MR       +....     Clarity  +   (no boots)
Stlth    ..........             (no amulet)
HPRegen  0.21/turn              t - ring of resist corrosion
MPRegen  0.12/turn              u - ring of flight

@: mighty, lethally poisoned (-4 -> -6)
A: repulsion field 1, thin skeletal structure 1, clarity, high mp 1, evolution 1
a: Evoke Flight


You were on level 6 of the Dungeon.
You were not hungry.

You visited 1 branch of the dungeon, and saw 6 of its levels.

You collected 216 gold pieces.

Inventory:

Hand Weapons
 k - a +0 morningstar
 l - a +4 quarterstaff of chaos (weapon)
 r - a +0 long sword
Armour
 b - a +0 scale mail
 c - a +0 shield
 g - a +0 chain mail (worn)
 i - a +0 pair of gloves (worn)
 m - a +1 cloak of magic resistance (worn)
Jewellery
 s - an uncursed ring of wizardry {unknown}
 t - a ring of resist corrosion (left hand)
 u - a ring of flight (right hand)
Wands
 a - a wand of acid (19)
Scrolls
 e - 2 scrolls of remove curse
 h - a scroll of blinking
 n - a scroll of teleportation
 o - a scroll of amnesia
Potions
 q - a potion of mutation
Books
 p - a book of Misfortune

   Spells                             Type                      Level
   a - Confusing Touch                Hexes                        1
   b - Confuse                        Hexes                        3
   c - Gell's Gravitas                Translocation                3
   d - Petrify                        Transmutation/Earth          4
   e - Metabolic Englaciation         Hexes/Ice                    5
   f - Yara's Violent Unravelling     Hexes/Transmutation          5
Comestibles
 j - 3 rations


   Skills:
 + Level 6.8 Fighting
 - Level 3.5(5.0) Maces & Flails
 + Level 5.5(6.1) Staves
 + Level 3.4 Armour
 + Level 3.4 Shields


You had 7 spell levels left.
You didn't know any spells.

Dungeon Overview and Level Annotations

Branches:
Dungeon (6/15)
 Temple: D:4-7


Innate Abilities, Weirdness & Mutations

You have an increased reservoir of magic. (+10% MP)
You are surrounded by a mild repulsion field. (EV +2)
You have a somewhat thin skeletal structure. (Dex +2, Stealth)
You possess an exceptional clarity of mind.
You evolve.


Message History

The giant cockroach bites you but does no damage.
The gnoll sergeant hits you but does no damage.
The worker ant bites you.
* * * LOW HITPOINT WARNING * * *
You are poisoned.
The worker ant poisons you! The gnoll hits you but does no damage.
The bullfrog hits you but does no damage.
You closely miss the worker ant.
You feel sick.
The giant cockroach bites you but does no damage.
The gnoll sergeant hits you but does no damage.
The bullfrog hits you.
* * * LOW HITPOINT WARNING * * *
The worker ant barely misses you. The gnoll hits you.
* * * LOW HITPOINT WARNING * * *
You barely miss the worker ant.
The giant cockroach bites you but does no damage.
The bullfrog hits you but does no damage.
The worker ant barely misses you.
The gnoll sergeant hits you from afar with a trident!
You die...

##.....# #......#
####......#
######.......<.#.
.................
#................
.........[....:..
##.##...as.......
#.....g@)......#
######.F)g......
#..........
#..........
#.#.##..... .....
..... ......
....# ... ... ..


You could see a gnoll sergeant, a bullfrog, a worker ant, a gnoll and a giant
cockroach.

Vanquished Creatures
  The ghost of robveelben the Cudgeler, an amateur DrBe of Trog (D:5)
  The ghost of PikkenKukken the Slasher, an amateur DsAK of Lugonu (D:4)
  Sigmund (D:3)
  An ice beast (D:5)
  2 centaurs (D:5)
  2 bullfrogs (D:5)
  A scorpion (D:5)
  2 hounds (D:5)
  Crazy Yiuf (D:2)
  2 orc priests
  A centaur skeleton (D:5)
  An orc wizard (D:4)
  3 worker ants
  2 hound skeletons
  2 gnolls (D:6)
  2 adders (D:5)
  A shadow imp (D:5)
  An ooze (D:1)
  3 worms
  5 dart slugs
  4 leopard geckos
  17 orcs
  15 giant cockroaches
  7 goblins
  11 hobgoblins
  8 jackals
  3 kobolds
  A quokka (D:5)
  3 ball pythons (D:1)
  4 bats
  5 frilled lizards
  2 rats
115 creatures vanquished.

Notes
Turn   | Place    | Note
-------+----------+-------------------------------------------
     0 | D:1      | Hercules1031 the Demigod Fighter began the quest for the Orb.
     0 | D:1      | Reached XP level 1. HP: 18/18 MP: 3/3
   206 | D:1      | Reached XP level 2. HP: 25/25 MP: 4/4
   257 | D:1      | Reached skill level 3 in Fighting
   591 | D:1      | Reached XP level 3. HP: 28/31 MP: 5/5
   840 | D:2      | Found a shattered altar of Ashenzari.
  1550 | D:2      | Found a runed door.
  1554 | D:2      | Noticed Crazy Yiuf
  1565 | D:2      | Killed Crazy Yiuf
  1565 | D:2      | Reached XP level 4. HP: 5/40 MP: 6/6
  2322 | D:3      | Found a faded altar of an unknown god.
  2706 | D:3      | Noticed Sigmund
  2726 | D:3      | Killed Sigmund
  2726 | D:3      | Reached skill level 4 in Fighting
  2726 | D:3      | Reached XP level 5. HP: 34/47 MP: 7/7
  2820 | D:4      | Found a shadowy altar of Dithmenos.
  2878 | D:4      | Reached XP level 6. HP: 43/53 MP: 8/8
  2890 | D:4      | Noticed PikkenKukken's ghost (amateur DsAK)
  2902 | D:4      | Killed PikkenKukken's ghost
  2902 | D:4      | Reached skill level 5 in Fighting
  2979 | D:4      | Found a sacrificial altar of Ru.
  3135 | D:4      | Found a shadowy altar of Dithmenos.
  3323 | D:5      | Entered Level 5 of the Dungeon
  3348 | D:5      | Noticed robveelben's ghost (amateur DrBe)
  3350 | D:5      | Found a stormy altar of Qazlal.
  3363 | D:5      | Killed robveelben's ghost
  3363 | D:5      | Reached skill level 6 in Fighting
  3363 | D:5      | Reached XP level 7. HP: 24/63 MP: 9/9
  3788 | D:5      | Gained mutation: You have a somewhat thin skeletal structure. (Dex +2, Stealth) [potion of mutation]
  3788 | D:5      | Gained mutation: You possess an exceptional clarity of mind. [potion of mutation]
  3788 | D:5      | Gained mutation: You are surrounded by a mild repulsion field. (EV +2) [potion of mutation]
  3788 | D:5      | Gained mutation: You evolve. [potion of mutation]
  3789 | D:5      | Found an iron altar of Okawaru.
  3792 | D:5      | Found a basalt altar of Yredelemnul.
  3871 | D:5      | Reached skill level 5 in Staves
  4047 | D:5      | Found a blossoming altar of Fedhas.
  4136 | D:5      | Reached XP level 8. HP: 45/71 MP: 10/10
  4370 | D:5      | Found a sparkling altar of Nemelex Xobeh.
  4398 | D:5      | Found a hide-covered altar of Uskayaw.
  4608 | D:6      | Slain by a gnoll sergeant

Skill      XL: |  1  2  3  4  5  6  7 |
---------------+----------------------+-----
Maces & Flails | 2 3 |  3.5
Fighting       | 3 4 6 |  6.8
Staves         | 2 4 5 |  5.5
Armour         | 3 |  3.4
Shields        | 3 |  3.4

Action                   |  1- 3 |  4- 6 |  7- 9 || total
-------------------------+-------+-------+-------++-------
Melee: Flail             |   187 |       |       ||   187
       Quarterstaff      |       |   118 |    92 ||   210
  Use: Potion            |     3 |       |     8 ||    11
       Scroll            |       |     7 |     1 ||     8
 Stab: Petrifying        |       |       |     1 ||     1
       Invisible         |       |       |     1 ||     1
  Eat: Ration            |     2 |     1 |     1 ||     4
Armor: Scale mail        |   179 |     6 |       ||   185
       Chain mail        |       |    92 |    89 ||   181
Dodge: Dodged            |   115 |    68 |    89 ||   272
Block: Shield            |   159 |       |       ||   159
